 Dungeon Crawl Stone Soup version 0.27-a0-1193-g8631133539 (webtiles) character file.

Game seed: 12575000531545468400

1 Froggeryz the Sneak (level 1, -4/19 HPs)
             Began as a Ghoul Delver on May 26, 2021.
             Killed by divine providence
             ... invoked by an orc priest
              (11 damage)
             ... on level 5 of the Dungeon.
             The game lasted 00:00:26 (100 turns).

Froggeryz the Sneak (Ghoul Delver)                   Turns: 100, Time: 00:00:26

Health: -4/19      AC:  3    Str: 15    XL:     1   Next: 20%
Magic:  0/0        EV: 11    Int:  5    God:
Gold:   20         SH:  0    Dex: 10    Spells: 0/0 levels left

rFire    . . .     SeeInvis .     - Unarmed
rCold    + . .     Faith    .   (no shield)
rNeg     + + +     Spirit   .   a - +0 leather armour
rPois    ∞         Reflect  .   (no helmet)
rElec    .         Harm     .   (no cloak)
rCorr    .         Rampage  .   (no gloves)
Will     .....                  (no boots)
Stlth    +++.......             (no amulet)
HPRegen  0.00/turn              (no ring)
MPRegen  0.07/turn              (no ring)

@: hasted, very quick
A: claws 1, cold resistance 1, negative energy resistance 3, inhibited
regeneration, torment resistance 2
a: no special abilities


You were on level 5 of the Dungeon.
You visited 1 branch of the dungeon, and saw 2 of its levels.

You collected 20 gold pieces.

Inventory:

Armour
 a - a +0 leather armour (worn)
Wands
 f - a wand of digging (3)
Scrolls
 b - a scroll of fog
 c - a scroll of magic mapping
 d - a scroll of fear
Potions
 g - a potion of lignification {unknown}


   Skills:
 - Level 3.2 Fighting
 - Level 1.7 Dodging
 - Level 5.4 Stealth
 * Level 2.3 Unarmed Combat


You couldn't memorise any spells.
You didn't know any spells.
Your spell library was empty.

Dungeon Overview and Level Annotations

Branches:
Dungeon (5/15)
 Temple: D:4-7

Altars:

Annotations:
D:4 Blork the orc, Dowan, Duvessa


Innate Abilities, Weirdness & Mutations

You thrive by killing the living.
You are immune to poison.
You have sharp fingernails.
Your flesh is cold resistant. (rC+)
You are immune to negative energy. (rN+++)
You do not regenerate when monsters are visible.
You are immune to unholy pain and torment.


Message History

The orc shouts! x2; You hear a shout!
The orc moves out of view.
An orc priest comes into view. It is wielding a +0 dagger.
A gnoll comes into view. It is wielding a +0 spear.
The adder skeleton bites you but does no damage.
The orc priest shouts!
The gnoll shouts!
You scratch the orc.
The orc is heavily wounded.
You hear a shout!
The orc misses you.
The orc priest looks encouraged for a moment.
The orc hits you with a +0 war axe. The adder skeleton closely misses you.
You hear the slow hiss of an avalanche of sand nearby.
Found 14 gold pieces.
Found 19 gold pieces.
You see here 14 gold pieces.
Blork the orc comes into view.
He is wielding a +0 dire flail.
Blork the orc shouts!
A goblin comes into view. It is wielding a +0 club.
Found an escape hatch in the floor.
You now have 20 gold pieces (gained 12).
A gnoll comes into view. It is wielding a +0 whip.
A gnoll comes into view. It is wielding a +0 spear.
You see here 7 gold pieces.
Blork the orc casts a spell at you. The puff of flame misses you.
A goblin comes into view. It is wielding a +0 dagger.
There is an escape hatch in the floor here.
The orc priest hits you but does no damage.
You slide downwards.
The hatch slams shut behind you.
You hear the sound of rushing water.
There is an entrance to a sewer on this level.
Hurry and find it before the portal rusts away!
You hear the slow rusting of a distant drain.
Found a ring mail.
Found a stone staircase leading down and a stone staircase leading up.
You feel yourself speed up. The orc priest misses you.
The orc priest calls down the wrath of Beogh upon you.
Beogh smites you!
Ouch! That really hurt!
You die...

###.!# #..# ..
..# #..# ..
.##.. #..# .##
..#.# #..#
..##...# .# #.
..#..# .##..
##.#..###.#...
#@..........#
#...o.....[.#
#...........#
#..........##
#...........#
#..........#....
##.....>...# .##
##........#
#........#


You could see an orc priest.

Vanquished Creatures
  A giant cockroach (D:4)
1 creature vanquished.

Notes
Turn   | Place    | Note
-------+----------+-------------------------------------------
     0 | D:5      | Froggeryz the Ghoul Delver began the quest for the Orb.
     0 | D:5      | Reached XP level 1. HP: 19/19 MP: 0/0
    16 | D:5      | Noticed an iguana
    55 | D:4      | Noticed Dowan
    55 | D:4      | Noticed Duvessa
    77 | D:4      | Noticed an orc priest
    84 | D:4      | Noticed Blork the orc
   100 | D:5      | Killed from afar by an orc priest

Illustrated notes

Levels and vault maps discovered:
D:4:      layout_loops_cross, gup_ossuary_entry_pyramid, uniq_duvessa,
          uniq_blork_the_orc
D:5:      layout_rooms, grunt_temple_overflow_gold_and_silver,
          gup_sewer_entry_pipe, uniq_grinder

Action                   || total
-------------------------++-------
Melee: Unarmed           ||     8
  Use: Potion            ||     1
Armor: Leather armour    ||     4
Dodge: Dodged            ||     6

Table legend: (Time is in decaauts)
 A = Elapsed time spent in this place.
 B = Non-inter-level travel time spent in this place.
 C = Inter-level travel time spent in this place.
 D = Time resting spent in this place.
 E = Time spent auto-exploring this place.
 F = Levels seen in this place.
 G = Mean time per level.
                   A        B        C        D        E       F      G
               +--------+--------+--------+--------+--------+-----+--------+
         Total |     98 |     89 |      9 |      0 |     24 |   2 |   49.0 |
       Dungeon |     98 |     89 |      9 |      0 |     24 |   2 |   49.0 |
               +--------+--------+--------+--------+--------+-----+--------+

Top non-repeatable levels by time:
     D:4: 62 daAuts
     D:5: 36 daAuts
